Map: [TLMC15] Berlingrad

Players

Zest - Winner!

  • Race: Protoss Protoss

Neeb

  • Race: Protoss Protoss

Event: DreamHack SC2 Masters 2021 Winter

VOD

Have the link to the VOD?

Description

Time

  • Played on: Nov. 10, 2021, 12:03 p.m.
  • Length: 17:38

All games in this series

Show
View Real Time Build Order
Export as new Build Order

Zest Protoss - Winner!

Build Orders: Phoenix Opening, Blink Stalkers, Carriers 

Get SALT Encoding   

  12  0:00  Probe  
  13  0:12  Probe  
  14  0:17  Pylon  
  14  0:24  Probe (Chrono Boost)  
  15  0:36  Gateway, Probe (Chrono Boost)  
  16  0:44  Probe (Chrono Boost)  
  16  0:46  Assimilator  
  17  0:51  Probe  
  18  1:03  Probe (Chrono Boost)  
  19  1:04  Assimilator  
  19  1:09  Gateway  
  20  1:12  Probe (Chrono Boost)  
  20  1:17  Probe (Chrono Boost)  
  20  1:24  Cybernetics Core  
  21  1:29  Probe  
  22  1:34  Pylon  
  22  1:41  Probe  
  23  1:53  Probe  
  24  2:00  Stalker  
  24  2:01  Sentry  
  28  2:04  Warp Gate  
  28  2:13  Pylon  
  28  2:26  Pylon  
  28  2:30  Stalker  
  28  2:31  Stalker  
  28  2:34  Phoenix  
  32  2:51  Nexus  
  32  2:57  Shield Battery  
  32  3:02  Sentry  
  34  3:13  Probe  
  34  3:14  Pylon  
  34  3:19  Twilight Council  
  35  3:25  Probe  
  36  3:35  Phoenix  
  36  3:37  Probe  
  37  3:45  Blink (Chrono Boost)  
  37  3:49  Probe  
  38  3:56  Stalker  
  38  3:57  Stalker  
  38  4:01  Probe  
  43  4:03  Probe  
  43  4:08  Robotics Facility  
  44  4:13  Probe  
  44  4:15  Probe  
  46  4:23  Stalker  
  48  4:26  Stalker  
  48  4:28  Probe  
  48  4:30  Probe  
  52  4:35  Pylon  
  52  4:44  Probe x2  
  54  4:49  Adept x2  
  55  4:56  Probe x2  
  57  5:08  Gateway  
  57  5:10  Assimilator  
  57  5:12  Dark Shrine  
  57  5:17  Stalker  
  57  5:19  Stalker  
  57  5:21  Probe  
  62  5:22  Probe  
  62  5:28  Warp Prism (Chrono Boost)  
  65  5:37  Pylon  
  65  5:41  Stalker  
  67  5:46  Stalker  
  67  5:49  Pylon  
  69  5:56  Probe  
  69  5:57  Probe  
  71  6:03  Observer  
  72  6:05  Forge  
  72  6:06  Phoenix  
  72  6:12  Probe x2  
  74  6:20  Assimilator  
  74  6:21  Immortal (Chrono Boost)  
  74  6:23  Pylon  
  74  6:24  Probe x2  
  80  6:30  Robotics Bay  
  80  6:41  Stalker x2  
  80  6:42  Stalker  
  86  6:50  Pylon  
  86  6:51  Immortal (Chrono Boost), Protoss Ground Weapons Level 1 (Chrono Boost)  
  90  7:02  Robotics Facility  
  90  7:10  Probe x2  
  90  7:14  Pylon  
  92  7:18  Observer  
  92  7:19  Disruptor (Chrono Boost)  
  95  7:29  Observer  
  95  7:30  Pylon  
  95  7:33  Nexus  
  95  7:45  Disruptor (Chrono Boost)  
  95  7:48  Stalker x2  
  95  7:49  Stalker  
  104  7:54  Shield Battery  
  104  7:55  Shield Battery  
  104  8:07  Disruptor  
  107  8:14  Disruptor  
  107  8:17  Stalker x2  
  114  8:32  Observer  
  114  8:34  Pylon  
  114  8:37  Pylon  
  114  8:43  Gateway x2  
  114  8:47  Probe x3, Disruptor (Chrono Boost)  
  117  8:50  Assimilator  
  117  8:54  Assimilator  
  117  8:55  Gravitic Boosters  
  120  8:59  Probe x3  
  124  9:04  Observer (Chrono Boost)  
  124  9:08  Photon Cannon  
  124  9:11  Probe x3  
  125  9:20  Pylon  
  125  9:27  Probe  
  125  9:28  Probe  
  127  9:36  Probe  
  128  9:38  Protoss Ground Weapons Level 2 (Chrono Boost), Pylon  
  128  9:39  Probe  
  128  9:40  Nexus  
  128  9:41  Photon Cannon  
  128  9:45  Shield Battery  
  129  9:46  Observer  
  129  9:49  Charge  
  129  9:55  Observer x2  
  131  10:01  Probe  
  131  10:02  Probe  
  131  10:04  Probe  
  131  10:05  Pylon  
  134  10:07  Observer  
  134  10:11  Colossus  
  132  10:23  Observer  
  131  10:32  Observer  
  131  10:35  Observer  
  131  10:36  Gateway  
  131  10:37  Gateway, Probe x2  
  131  10:39  Stargate  
  131  10:40  Probe  
  131  10:42  Observer x2  
  136  10:49  Stalker x5, Observer, Probe  
  147  11:10  Observer  
  147  11:15  Probe x3  
  147  11:16  Probe  
  151  11:26  Photon Cannon  
  151  11:27  Observer  
  151  11:28  Assimilator  
  150  11:32  Assimilator  
  147  11:44  Stalker x3  
  147  11:45  Stalker x2  
  142  12:13  Stargate  
  142  12:14  Probe, Fleet Beacon  
  143  12:15  Stalker  
  143  12:16  Stalker x6, Stargate  
  143  12:17  Probe  
  143  12:18  Probe  
  143  12:21  Protoss Air Weapons Level 1 (Chrono Boost)  
  153  12:28  Probe x2  
  153  12:29  Photon Cannon  
  154  12:30  Probe  
  154  12:34  Protoss Ground Weapons Level 3 (Chrono Boost)  
  146  12:40  Observer  
  146  12:49  Probe x3  
  149  12:52  Probe  
  150  13:00  Photon Cannon, Carrier x3 (Chrono Boost)  
  150  13:01  Probe x3, Shield Battery  
  150  13:03  Pylon  
  150  13:05  Observer x2  
  155  13:09  Pylon  
  155  13:11  Pylon  
  173  13:14  Gateway  
  173  13:18  Gateway  
  173  13:20  Gateway  
  173  13:34  Observer  
  173  13:36  Photon Cannon  
  173  13:38  Disruptor x2  
  179  13:47  Carrier x2 (Chrono Boost)  
  179  13:48  Observer  
  179  13:50  Nexus  
  179  13:54  Carrier (Chrono Boost)  
  197  14:07  Pylon  
  196  14:34  Gateway  
  196  14:35  Gateway  
  196  14:44  Protoss Air Weapons Level 2 (Chrono Boost)  
  196  14:51  Stalker x2  
  164  15:10  Stalker x5  
  164  15:11  Stalker x3  
  179  15:15  Immortal x2  
  165  15:45  Stalker x3  
  165  15:46  Stalker x5  
Show
View Real Time Build Order
Export as new Build Order

Neeb Protoss 

Build Orders: Blink Stalkers 

Get SALT Encoding   

  12  0:00  Probe  
  13  0:12  Probe  
  14  0:17  Pylon  
  14  0:24  Probe (Chrono Boost)  
  15  0:36  Probe (Chrono Boost)  
  15  0:38  Gateway  
  16  0:45  Probe (Chrono Boost)  
  16  0:48  Assimilator  
  17  0:51  Probe  
  18  0:57  Assimilator  
  18  1:03  Probe (Chrono Boost)  
  19  1:09  Gateway  
  19  1:12  Probe (Chrono Boost)  
  19  1:17  Probe (Chrono Boost)  
  20  1:25  Cybernetics Core  
  21  1:29  Probe  
  22  1:36  Pylon  
  22  1:41  Probe  
  23  1:54  Warp Gate, Probe  
  24  2:02  Stalker x2  
  28  2:15  Pylon  
  28  2:16  Probe  
  29  2:31  Twilight Council  
  29  2:49  Nexus  
  29  2:56  Stalker  
  31  3:01  Probe  
  31  3:04  Sentry  
  34  3:05  Blink (Chrono Boost)  
  34  3:16  Probe  
  35  3:22  Pylon  
  35  3:28  Probe  
  36  3:40  Probe  
  37  3:43  Stalker x2  
  41  3:49  Shield Battery  
  41  3:53  Probe  
  42  4:02  Probe  
  43  4:07  Adept x2  
  43  4:09  Probe  
  48  4:14  Probe  
  49  4:21  Probe  
  49  4:22  Robotics Facility  
  50  4:26  Probe  
  51  4:31  Stalker, Sentry  
  51  4:33  Probe  
  51  4:38  Probe  
  57  4:42  Pylon  
  57  4:45  Probe  
  58  4:50  Probe  
  59  4:57  Probe  
  60  5:02  Probe  
  60  5:04  Pylon  
  60  5:06  Stalker x2  
  65  5:09  Probe, Pylon  
  65  5:11  Immortal (Chrono Boost)  
  66  5:18  Assimilator  
  70  5:22  Probe  
  70  5:24  Probe, Pylon  
  72  5:28  Pylon  
  72  5:35  Forge  
  72  5:43  Immortal (Chrono Boost)  
  72  5:45  Stalker  
  78  5:52  Probe x2  
  80  6:04  Pylon  
  80  6:05  Protoss Ground Weapons Level 1 (Chrono Boost)  
  80  6:06  Assimilator  
  80  6:09  Gateway  
  80  6:10  Gateway  
  80  6:15  Observer (Chrono Boost)  
  80  6:16  Stalker x2  
  85  6:23  Gateway  
  85  6:24  Photon Cannon  
  85  6:25  Phoenix  
  85  6:29  Pylon  
  85  6:36  Nexus  
  85  6:39  Stalker  
  87  6:42  Stalker  
  89  6:51  Pylon  
  89  6:53  Probe x2  
  91  6:56  Warp Prism (Chrono Boost)  
  93  7:06  Stalker x2  
  97  7:09  Stalker  
  97  7:10  Probe  
  100  7:16  Photon Cannon  
  100  7:17  Probe  
  101  7:27  Stalker  
  101  7:28  Robotics Bay  
  103  7:33  Stalker x2  
  103  7:36  Probe x2  
  109  7:40  Observer (Chrono Boost)  
  110  7:45  Pylon  
  110  7:49  Stalker  
  110  7:51  Probe  
  113  7:54  Probe  
  114  8:07  Stalker x3, Protoss Ground Weapons Level 2 (Chrono Boost)  
  114  8:08  Probe  
  114  8:09  Probe  
  122  8:14  Probe  
  122  8:15  Disruptor (Chrono Boost)  
  126  8:27  Probe  
  126  8:29  Probe x2  
  126  8:31  Photon Cannon  
  126  8:33  Robotics Facility  
  129  8:39  Probe  
  129  8:40  Assimilator  
  130  8:44  Assimilator  
  130  8:49  Stalker x4  
  130  8:52  Disruptor (Chrono Boost)  
  138  9:02  Probe x2  
  143  9:08  Dark Shrine  
  143  9:14  Gateway  
  143  9:16  Gateway  
  141  9:18  Gateway  
  141  9:19  Gateway, Disruptor (Chrono Boost)  
  141  9:20  Disruptor (Chrono Boost)  
  145  9:28  Probe x3  
  148  9:31  Pylon  
  148  9:33  Pylon  
  148  9:35  Pylon  
  148  9:37  Pylon  
  148  9:42  Probe  
  148  9:44  Charge  
  149  9:47  Pylon  
  149  9:48  Pylon, Shield Battery  
  149  9:49  Probe, Disruptor (Chrono Boost)  
  149  9:50  Pylon  
  149  9:52  Observer (Chrono Boost)  
  154  9:53  Gravitic Boosters  
  154  9:55  Photon Cannon  
  152  10:05  Nexus  
  152  10:07  Pylon  
  152  10:13  Stalker x2  
  156  10:16  Probe x2  
  156  10:17  Probe  
  156  10:18  Disruptor  
  162  10:27  Shadow Stride (Chrono Boost)  
  162  10:28  Observer, Probe  
  163  10:34  Observer, Disruptor  
  166  10:36  Probe  
  166  10:40  Photon Cannon  
  166  10:42  Photon Cannon  
  167  10:43  Shield Battery  
  167  10:46  Pylon  
  167  11:03  Dark Templar x5  
  177  11:05  Probe x2  
  177  11:07  Assimilator  
  177  11:11  Assimilator  
  179  11:13  Observer x2  
  179  11:14  Photon Cannon  
  179  11:18  Photon Cannon x2  
  181  11:22  Protoss Ground Weapons Level 3 (Chrono Boost)  
  176  11:45  Nexus  
  176  11:47  Pylon  
  162  11:48  Disruptor (Chrono Boost)  
  168  11:57  Disruptor (Chrono Boost)  
  168  12:00  Observer  
  158  12:01  Dark Templar x3  
  158  12:07  Photon Cannon  
  164  12:09  Photon Cannon  
  164  12:11  Photon Cannon  
  164  12:12  Shield Battery  
  164  12:13  Shield Battery  
  164  12:16  Disruptor  
  165  12:26  Disruptor  
  158  12:42  Stalker x5  
  144  12:45  Photon Cannon  
  144  12:47  Pylon  
  144  12:48  Photon Cannon  
  142  13:05  Gateway, Dark Templar x5  
  146  13:07  Gateway  
  146  13:08  Gateway  
  146  13:12  Gateway  
  152  13:13  Protoss Air Weapons Level 1 (Chrono Boost)  
  151  13:21  Observer  
  147  13:31  Stargate  
  147  13:36  Assimilator x2  
  147  13:37  Stalker x8  
  147  13:40  Pylon  
  163  14:02  Stalker x10  
  180  14:28  Fleet Beacon  
  180  14:31  Stargate  
  180  14:36  Stargate  
  179  14:38  Stargate  
  175  14:53  Nexus  
  158  15:17  Tempest  
  178  15:30  Stalker x6  
  178  15:31  Stalker x4  
  196  15:43  Observer, Nexus  
  184  15:58  Pylon  
  184  16:00  Pylon  
  184  16:02  Photon Cannon x2  
  184  16:03  Photon Cannon  
  170  16:04  Pylon  
  170  16:05  Pylon  
  170  16:07  Photon Cannon, Shield Battery  
  170  16:08  Pylon  
  170  16:09  Pylon, Shield Battery  
  170  16:11  Pylon  
  167  16:15  Shield Battery  
  167  16:17  Photon Cannon  
  167  16:24  Pylon  
  158  16:52  Fleet Beacon  
  141  17:06  Pylon  

Tags
 
Add a new tag
Caveats
  • Supply blocks, unpowered buildings, or Contaminate may cause inaccurate times.
  • Supply counts are checked every 10 seconds.